Map: [ESL] Tropical Sacrifice

Players

Creator - Winner!

  • Race: Protoss Protoss
  • Spawn Location: 1:00

Neeb

  • Race: Protoss Protoss
  • Spawn Location: 7:00

Event: DreamHack SC2 Masters 2022 Valencia

VOD

Have the link to the VOD?

Description

Time

  • Played on: July 3, 2022, 6:38 a.m.
  • Length: 10:37

All games in this series

Show
View Real Time Build Order
Export as new Build Order

Creator Protoss - Winner!

Build Orders: Phoenix Opening 

Get SALT Encoding   

  12  0:00  Probe  
  13  0:12  Probe  
  14  0:20  Pylon  
  14  0:24  Probe  
  15  0:38  Probe (Chrono Boost), Gateway  
  16  0:48  Probe (Chrono Boost), Assimilator  
  17  0:53  Probe (Chrono Boost)  
  18  1:02  Assimilator  
  18  1:04  Probe (Chrono Boost)  
  18  1:09  Pylon  
  19  1:16  Probe (Chrono Boost)  
  20  1:20  Probe (Chrono Boost)  
  21  1:31  Cybernetics Core  
  21  1:33  Zealot  
  21  1:36  Probe  
  24  1:48  Probe  
  24  1:53  Pylon  
  25  2:00  Probe  
  26  2:08  Stalker (Chrono Boost)  
  26  2:09  Stargate  
  28  2:22  Warp Gate  
  28  2:28  Cybernetics Core  
  28  2:32  Pylon  
  28  2:38  Stalker  
  30  2:54  Phoenix (Chrono Boost)  
  31  3:06  Shield Battery  
  31  3:18  Nexus  
  31  3:25  Phoenix (Chrono Boost)  
  29  3:38  Probe  
  28  3:49  Phoenix  
  28  3:50  Probe  
  31  4:03  Probe  
  31  4:09  Stalker  
  34  4:14  Phoenix  
  34  4:15  Probe  
  37  4:24  Pylon  
  37  4:27  Probe (Chrono Boost)  
  37  4:31  Probe (Chrono Boost)  
  39  4:35  Gateway  
  39  4:39  Probe (Chrono Boost)  
  39  4:43  Probe (Chrono Boost)  
  39  4:44  Stalker  
  43  4:48  Probe (Chrono Boost)  
  43  4:49  Probe (Chrono Boost)  
  45  4:53  Probe  
  45  4:58  Probe  
  45  4:59  Twilight Council  
  47  5:08  Stalker, Probe  
  47  5:10  Probe  
  51  5:20  Probe  
  52  5:23  Probe  
  53  5:32  Probe  
  53  5:33  Stalker, Blink (Chrono Boost)  
  53  5:35  Probe  
  57  5:40  Nexus  
  57  5:43  Pylon  
  57  5:47  Probe  
  59  5:50  Probe  
  59  5:53  Gateway  
  59  6:01  Stalker  
  59  6:02  Stalker  
  63  6:06  Probe x2  
  64  6:18  Shield Battery  
  53  6:28  Stalker x2, Probe x2  
  52  6:40  Probe x2, Gateway  
  54  6:51  Stalker x3  
  54  6:52  Probe (Chrono Boost)  
  54  6:53  Probe x2 (Chrono Boost)  
  63  7:00  Robotics Facility  
  64  7:02  Probe (Chrono Boost)  
  64  7:03  Probe (Chrono Boost)  
  64  7:04  Probe (Chrono Boost)  
  64  7:07  Probe (Chrono Boost)  
  66  7:08  Probe  
  66  7:14  Stalker, Sentry  
  66  7:15  Stalker  
  74  7:19  Probe x2 (Chrono Boost)  
  74  7:22  Shield Battery  
  76  7:28  Charge (Chrono Boost), Probe (Chrono Boost)  
  79  7:31  Probe (Chrono Boost)  
  79  7:34  Probe (Chrono Boost)  
  79  7:36  Probe (Chrono Boost)  
  80  7:37  Probe (Chrono Boost)  
  80  7:40  Stalker  
  80  7:41  Probe  
  80  7:43  Pylon  
  82  7:44  Zealot  
  82  7:47  Probe, Zealot  
  83  7:55  Stalker  
  83  7:57  Probe x2  
  84  8:05  Immortal (Chrono Boost), Zealot x2  
  85  8:10  Gateway x2  
  88  8:13  Stalker  
  88  8:14  Gateway  
  89  8:22  Stalker  
  89  8:26  Stalker  
  93  8:30  Pylon, Gateway  
  93  8:31  Pylon x2  
  92  8:41  Observer (Chrono Boost)  
  92  8:46  Pylon  
  92  8:50  Pylon, Zealot x4  
  92  8:54  Warp Prism (Chrono Boost)  
  92  8:55  Gateway  
  102  9:06  Stalker  
  102  9:07  Stalker  
  106  9:13  Zealot x5  
  116  9:23  Pylon  
  116  9:24  Pylon  
  116  9:26  Stalker  
  118  9:35  Stalker x3  
  118  9:36  Zealot x3  
  130  9:41  Zealot  
  132  9:53  Zealot x2  
  132  9:57  Zealot x3  
  132  9:58  Zealot x3  
  148  10:01  Pylon  
  146  10:17  Zealot x2  
  146  10:18  Zealot  
  146  10:20  Zealot x3  
  146  10:21  Zealot x3  
Show
View Real Time Build Order
Export as new Build Order

Neeb Protoss 

Build Orders: Oracle Opening 

Get SALT Encoding   

  12  0:00  Probe  
  13  0:12  Probe  
  14  0:20  Pylon  
  14  0:24  Probe  
  15  0:38  Probe (Chrono Boost)  
  15  0:39  Gateway  
  16  0:47  Probe (Chrono Boost)  
  16  0:48  Assimilator  
  17  0:53  Probe (Chrono Boost)  
  18  1:00  Assimilator  
  18  1:05  Probe (Chrono Boost)  
  18  1:08  Pylon  
  19  1:13  Probe (Chrono Boost)  
  20  1:19  Probe  
  21  1:26  Cybernetics Core  
  21  1:31  Probe  
  22  1:42  Zealot  
  22  1:43  Probe  
  25  1:55  Probe  
  26  2:06  Stargate  
  26  2:12  Stalker  
  26  2:15  Probe  
  29  2:19  Pylon  
  29  2:21  Warp Gate  
  29  2:27  Probe  
  30  2:42  Stalker  
  32  2:45  Shield Battery  
  32  2:46  Oracle (Chrono Boost)  
  34  2:52  Probe  
  35  3:16  Oracle  
  36  3:39  Nexus  
  36  3:40  Probe  
  37  3:44  Gateway  
  37  3:52  Probe  
  37  3:53  Twilight Council  
  38  3:56  Pylon  
  38  4:08  Probe  
  39  4:16  Stalker  
  43  4:20  Probe  
  43  4:23  Blink (Chrono Boost)  
  44  4:32  Probe  
  43  4:39  Stalker  
  43  4:40  Stalker  
  47  4:50  Pylon  
  47  4:51  Probe  
  47  4:52  Probe  
  49  5:02  Stalker  
  49  5:03  Stalker, Probe  
  49  5:04  Probe  
  55  5:15  Probe  
  55  5:17  Probe  
  55  5:20  Gateway  
  57  5:22  Gateway  
  57  5:27  Probe  
  58  5:30  Probe  
  56  5:36  Stalker x2  
  56  5:39  Probe  
  58  5:57  Probe x2  
  58  6:02  Nexus  
  58  6:03  Pylon  
  54  6:15  Probe  
  51  6:20  Probe  
  52  6:29  Probe  
  52  6:32  Robotics Facility  
  48  6:33  Stalker x4  
  48  6:35  Probe  
  48  6:39  Assimilator  
  55  6:41  Probe  
  56  6:47  Probe  
  56  6:53  Probe  
  58  6:58  Stalker x4  
  58  7:00  Probe  
  67  7:04  Pylon  
  67  7:05  Probe  
  70  7:19  Observer  
  70  7:21  Stalker x4  
  77  7:23  Probe  
  77  7:25  Probe (Chrono Boost)  
  77  7:29  Probe (Chrono Boost)  
  80  7:32  Forge  
  80  7:35  Probe (Chrono Boost)  
  81  7:37  Probe (Chrono Boost)  
  81  7:41  Probe (Chrono Boost)  
  82  7:45  Probe (Chrono Boost)  
  82  7:46  Probe (Chrono Boost)  
  82  7:48  Probe (Chrono Boost)  
  82  7:52  Probe  
  82  7:54  Probe  
  82  7:56  Stalker x3  
  82  7:57  Protoss Ground Weapons Level 1 (Chrono Boost), Probe  
  91  8:04  Probe  
  91  8:05  Stalker  
  94  8:11  Gateway  
  94  8:17  Charge (Chrono Boost)  
  94  8:19  Gateway  
  94  8:20  Observer, Gateway  
  94  8:23  Observer  
  94  8:24  Gateway  
  94  8:33  Probe x2  
  97  8:35  Assimilator  
  97  8:38  Nexus  
  97  8:39  Assimilator  
  92  8:45  Probe x2  
  94  8:49  Pylon  
  94  8:53  Shield Battery  
  94  8:58  Templar Archives  
  94  9:02  Assimilator  
  94  9:10  Sentry, Zealot x3  
  102  9:17  Zealot x3  
  102  9:20  Pylon  
  102  9:21  Pylon  
  102  9:22  Pylon  
  108  9:24  Probe  
  108  9:29  Pylon  
  109  9:32  Pylon  
  109  9:38  High Templar x3  
  111  9:39  High Templar, Zealot x4  
  111  9:43  Archon x2  
  111  9:45  Probe x3  
  125  9:52  Warp Prism  
  127  10:02  Zealot x4  
  127  10:04  Shield Battery  
  135  10:14  Zealot x4  
  124  10:26  Zealot x4  

Tags
 
Add a new tag
Caveats
  • Supply blocks, unpowered buildings, or Contaminate may cause inaccurate times.
  • Supply counts are checked every 10 seconds.